| TOP OF THE 1ST |
|
Salem-Keizer Volcanoes batting - Pitching for Williamsport Crosscutters : RHP Mokichi Furuta
|
|
Pitching: RHP Mokichi Furuta
|
|
|
Batting: RHB Nick Wicker
|
0-0: Hit by Pitch
|
|
Batting: RHB Jonathan Reece
|
0-0: Swinging Strike 0-1: Ball Wild Pitch! Nick Wicker to second 1-1: Foul Ball, location: 2F 1-2: Ball 2-2: Foul Ball, location: 2F 2-2: Ground out 3-1 (Groundball, 34, EV 92.5 MPH) Nick Wicker to third
|
|
Batting: LHB Gil Caraveo
|
0-0: Called Strike 0-1: Ball 1-1: SINGLE (Line Drive, 78M, EV 88.8 MPH) Nick Wicker scores
|
|
Batting: RHB Ian Richardson
|
0-0: Swinging Strike 0-1: Ball 1-1: Called Strike 1-2: Strikes out swinging
|
|
Batting: RHB Jason Gregor
|
0-0: Called Strike Gil Caraveo steals 2nd base 0-1: Ball 1-1: Foul Ball, location: 2F 1-2: Ground out 6-3 (Groundball, 6, EV 76.9 MPH)
|
| Top of the 1st over - 1 run, 1 hit, 0 errors, 1 left on base; Salem-Keizer 1 - Williamsport 0 |
| BOTTOM OF THE 1ST |
|
Williamsport Crosscutters batting - Pitching for Salem-Keizer Volcanoes : RHP Tong Huang
|
|
Pitching: RHP Tong Huang
|
|
|
Batting: LHB Jonathan Roman
|
0-0: Ground out U3 (Groundball, 34, EV 103.1 MPH)
|
|
Batting: RHB Marcus Carter
|
0-0: Foul Ball, location: 2F 0-1: Foul Ball, location: 2F 0-2: Strikes out swinging
|
|
Batting: RHB Tony Perez
|
0-0: Swinging Strike 0-1: Fly out, F7 (Flyball, 7S, EV 88.1 MPH)
|
| Bottom of the 1st over - 0 runs, 0 hits, 0 errors, 0 left on base; Salem-Keizer 1 - Williamsport 0 |
| TOP OF THE 2ND |
|
Salem-Keizer Volcanoes batting - Pitching for Williamsport Crosscutters : RHP Mokichi Furuta
|
|
Batting: LHB John Whitman
|
0-0: Ground out 3-1 (Groundball, 34, EV 105.0 MPH)
|
|
Batting: RHB Matt Shepard
|
0-0: Ball 1-0: Foul Ball, location: 2F 1-1: Called Strike 1-2: Foul Ball, location: 2F 1-2: Ground out 6-3 (Groundball, 6D, EV 99.4 MPH)
|
|
Batting: RHB John Tyra
|
0-0: Ball 1-0: Ball 2-0: Called Strike 2-1: Foul Ball, location: 2F 2-2: Foul Ball, location: 2F 2-2: Strikes out swinging
|
| Top of the 2nd over - 0 runs, 0 hits, 0 errors, 0 left on base; Salem-Keizer 1 - Williamsport 0 |
| BOTTOM OF THE 2ND |
|
Williamsport Crosscutters batting - Pitching for Salem-Keizer Volcanoes : RHP Tong Huang
|
|
Batting: LHB Eric Farren
|
0-0: Foul Ball, location: 2F 0-1: Called Strike 0-2: Foul Ball, location: 2F 0-2: Ground out U3 (Groundball, 3S, EV 85.6 MPH)
|
|
Batting: RHB Josh Baker
|
0-0: Foul Ball, location: 2F 0-1: Swinging Strike 0-2: Ball 1-2: Foul Ball, location: 2F 1-2: Strikes out looking
|
|
Batting: RHB Dave Gallegos
|
0-0: Ball 1-0: Called Strike 1-1: Ball 2-1: Called Strike 2-2: Fly out, F8 (Flyball, 8RD, EV 95.6 MPH)
|
| Bottom of the 2nd over - 0 runs, 0 hits, 0 errors, 0 left on base; Salem-Keizer 1 - Williamsport 0 |
| TOP OF THE 3RD |
|
Salem-Keizer Volcanoes batting - Pitching for Williamsport Crosscutters : RHP Mokichi Furuta
|
|
Batting: RHB Bob Schweiger
|
0-0: Called Strike 0-1: Foul Ball, location: 2F 0-2: SINGLE (Groundball, 56D, EV 98.8 MPH)
|
|
Batting: RHB Nick Wicker
|
0-0: Foul Ball, location: 2F 0-1: Fly out, F7 (Flyball, 7LS, EV 72.5 MPH)
|
|
Batting: RHB Jonathan Reece
|
0-0: Ball 1-0: Swinging Strike 1-1: Ball Passed Ball! Bob Schweiger to second 2-1: Foul Ball, location: 2F 2-2: DOUBLE (Groundball, 5L, EV 103.8 MPH) Bob Schweiger scores
|
|
Batting: LHB Gil Caraveo
|
0-0: Called Strike 0-1: Ball 1-1: Swinging Strike 1-2: Ball 2-2: Ground out 4-3 (Groundball, 4M, EV 82.5 MPH) Jonathan Reece to third
|
|
Batting: RHB Ian Richardson
|
0-0: Foul Ball, location: 2F 0-1: Ball 1-1: Ball 2-1: 2-RUN HOME RUN (Flyball, 7D, EV 98.8 MPH), Distance : 378 ft
|
|
Batting: RHB Jason Gregor
|
0-0: Ball 1-0: Ball 2-0: SINGLE (Groundball, 4, EV 94.4 MPH)
|
|
Batting: LHB John Whitman
|
0-0: Ball Jason Gregor is caught stealing 2nd base 2-6
|
| Top of the 3rd over - 3 runs, 4 hits, 0 errors, 0 left on base; Salem-Keizer 4 - Williamsport 0 |
| BOTTOM OF THE 3RD |
|
Williamsport Crosscutters batting - Pitching for Salem-Keizer Volcanoes : RHP Tong Huang
|
|
Batting: RHB Bryan Alfaro
|
0-0: Called Strike 0-1: Ball 1-1: Foul Ball, location: 2F 1-2: SINGLE (Flyball, 56D, EV 81.9 MPH)
|
|
Batting: RHB Juan Valadez
|
0-0: Ball Bryan Alfaro is caught stealing 2nd base 2-4 1-0: Ball 2-0: Foul Ball, location: 2F 2-1: Ground out 6-3 (Groundball, 6, EV 105.6 MPH)
|
|
Batting: SHB Steve DeRienzo
|
0-0: Ball 1-0: Called Strike 1-1: Foul Ball, location: 2F 1-2: Foul Ball, location: 2F 1-2: Fly out, F5 (Popup, 6, EV 53.8 MPH)
|
| Bottom of the 3rd over - 0 runs, 1 hit, 0 errors, 0 left on base; Salem-Keizer 4 - Williamsport 0 |
| TOP OF THE 4TH |
|
Salem-Keizer Volcanoes batting - Pitching for Williamsport Crosscutters : RHP Mokichi Furuta
|
|
Batting: LHB John Whitman
|
0-0: Ground out 4-3 (Groundball, 4, EV 84.4 MPH)
|
|
Batting: RHB Matt Shepard
|
0-0: DOUBLE (Line Drive, 7LM, EV 106.9 MPH)
|
|
Batting: RHB John Tyra
|
0-0: Swinging Strike 0-1: Foul Ball, location: 2F 0-2: Ball 1-2: SINGLE (Groundball, 34D, EV 103.8 MPH) Matt Shepard to third Runner from 3rd tries for Home, SAFE, throw by RF to home John Tyra to second
|
|
Pitching: RHP Todd Cox
|
|
|
Batting: RHB Bob Schweiger
|
0-0: Called Strike 0-1: Called Strike 0-2: Ball 1-2: Strikes out swinging
|
|
Batting: RHB Nick Wicker
|
0-0: Called Strike 0-1: Ball 1-1: Ball 2-1: Ball 3-1: Called Strike 3-2: Base on Balls
|
|
Batting: RHB Jonathan Reece
|
0-0: Ball 1-0: Swinging Strike 1-1: Ball 2-1: Called Strike 2-2: Reached on error, E6 (Groundball, 6, EV 86.9 MPH) John Tyra to third Nick Wicker to second
|
|
Batting: LHB Gil Caraveo
|
0-0: Foul Ball, location: 2F 0-1: Ball 1-1: Ball 2-1: Foul Ball, location: 2F 2-2: Strikes out swinging
|
| Top of the 4th over - 1 run, 2 hits, 1 error, 3 left on base; Salem-Keizer 5 - Williamsport 0 |
| BOTTOM OF THE 4TH |
|
Williamsport Crosscutters batting - Pitching for Salem-Keizer Volcanoes : RHP Tong Huang
|
|
Batting: LHB Jonathan Roman
|
0-0: Foul Ball, location: 2F 0-1: Ball 1-1: Ground out 5-3 (Groundball, 56S, EV 75.6 MPH)
|
|
Batting: RHB Marcus Carter
|
0-0: Ball 1-0: Called Strike 1-1: Ball 2-1: Ball 3-1: Base on Balls
|
|
Batting: RHB Tony Perez
|
0-0: SINGLE (Groundball, 56D, EV 103.8 MPH) Marcus Carter to second
|
|
Batting: LHB Eric Farren
|
0-0: Called Strike 0-1: Ball 1-1: Fly out, F7 (Flyball, 7D, EV 101.2 MPH)
|
|
Batting: RHB Josh Baker
|
0-0: Ball 1-0: Foul Ball, location: 2F 1-1: Ball 2-1: Fly out, F7 (Line Drive, 7, EV 94.4 MPH)
|
| Bottom of the 4th over - 0 runs, 1 hit, 0 errors, 2 left on base; Salem-Keizer 5 - Williamsport 0 |
| TOP OF THE 5TH |
|
Salem-Keizer Volcanoes batting - Pitching for Williamsport Crosscutters : RHP Todd Cox
|
|
Batting: RHB Ian Richardson
|
0-0: Called Strike 0-1: Ball 1-1: Swinging Strike 1-2: Strikes out swinging
|
|
Batting: RHB Jason Gregor
|
0-0: Called Strike 0-1: Ball 1-1: Ball 2-1: SOLO HOME RUN (Flyball, 78XD, EV 107.5 MPH), Distance : 420 ft
|
|
Batting: LHB John Whitman
|
0-0: Fly out, F8 (Flyball, 8LD, EV 92.5 MPH)
|
|
Batting: RHB Matt Shepard
|
0-0: Ball 1-0: Foul Ball, location: 2F 1-1: Foul Ball, location: 2F 1-2: Ball 2-2: Ball 3-2: Strikes out swinging
|
| Top of the 5th over - 1 run, 1 hit, 0 errors, 0 left on base; Salem-Keizer 6 - Williamsport 0 |
| BOTTOM OF THE 5TH |
|
Williamsport Crosscutters batting - Pitching for Salem-Keizer Volcanoes : RHP Tong Huang
|
|
Batting: RHB Dave Gallegos
|
0-0: Foul Ball, location: 2F 0-1: Ball 1-1: Called Strike 1-2: Strikes out looking
|
|
Batting: RHB Bryan Alfaro
|
0-0: Called Strike 0-1: Ball 1-1: Fly out, F5 (Popup, 5SF, EV 75.6 MPH)
|
|
Batting: RHB Juan Valadez
|
0-0: Foul Ball, location: 2F 0-1: Ball 1-1: Foul Ball, location: 2F 1-2: Ball 2-2: SINGLE (Groundball, 4M, EV 105.0 MPH)
|
|
Batting: SHB Steve DeRienzo
|
0-0: Ground out U3 (Groundball, 3, EV 76.2 MPH)
|
| Bottom of the 5th over - 0 runs, 1 hit, 0 errors, 1 left on base; Salem-Keizer 6 - Williamsport 0 |
| TOP OF THE 6TH |
|
Salem-Keizer Volcanoes batting - Pitching for Williamsport Crosscutters : RHP Todd Cox
|
|
Batting: RHB John Tyra
|
0-0: Ball 1-0: Ball 2-0: Ball 3-0: Base on Balls
|
|
Batting: RHB Bob Schweiger
|
0-0: Called Strike 0-1: DOUBLE (Flyball, 8LXD, EV 98.1 MPH) John Tyra to third
|
|
Batting: RHB Nick Wicker
|
0-0: Called Strike 0-1: Ball 1-1: Foul Ball, location: 2F 1-2: Strikes out looking
|
|
Batting: RHB Jonathan Reece
|
0-0: Swinging Strike 0-1: Called Strike 0-2: Foul Ball, location: 2F 0-2: Foul Ball, location: 2F 0-2: Ball 1-2: Fly out, F7 (Flyball, 78M, EV 90.6 MPH)
|
|
Batting: LHB Gil Caraveo
|
0-0: Ball 1-0: Ball 2-0: SINGLE (Groundball, 23, EV 70.6 MPH) (infield hit) John Tyra scores Bob Schweiger to third
|
|
Batting: RHB Ian Richardson
|
0-0: Fielders Choice at 2nd, U4 (Groundball, 4M, EV 101.9 MPH)
|
| Top of the 6th over - 1 run, 2 hits, 0 errors, 2 left on base; Salem-Keizer 7 - Williamsport 0 |
| BOTTOM OF THE 6TH |
|
Williamsport Crosscutters batting - Pitching for Salem-Keizer Volcanoes : RHP Tong Huang
|
|
Batting: LHB Jonathan Roman
|
0-0: Reached via error on a dropped throw from SS, E3 (Groundball, 6, EV 84.4 MPH)
|
|
Batting: RHB Marcus Carter
|
0-0: Fielders Choice at 2nd, 4-6 (Groundball, 4, EV 84.4 MPH)
|
|
Batting: RHB Tony Perez
|
0-0: Called Strike Marcus Carter is caught stealing 2nd base 2-4 0-1: Hit by Pitch
|
|
Batting: LHB Eric Farren
|
0-0: Ball Tony Perez steals 2nd base 1-0: Ball 2-0: Foul Ball, location: 2F 2-1: Ground out 5-3 (Groundball, 56, EV 88.8 MPH)
|
| Bottom of the 6th over - 0 runs, 0 hits, 1 error, 1 left on base; Salem-Keizer 7 - Williamsport 0 |
| TOP OF THE 7TH |
|
Salem-Keizer Volcanoes batting - Pitching for Williamsport Crosscutters : RHP Todd Cox
|
|
Batting: RHB Jason Gregor
|
0-0: Called Strike 0-1: Swinging Strike 0-2: Strikes out looking
|
|
Batting: LHB John Whitman
|
0-0: Ball 1-0: Foul Ball, location: 2F 1-1: Foul Ball, location: 2F 1-2: Foul Ball, location: 2F 1-2: Ball 2-2: SINGLE (Line Drive, 8LS, EV 106.2 MPH)
|
|
Pitching: RHP Matt Gray
|
|
|
Batting: RHB Matt Shepard
|
0-0: Ball 1-0: Ball 2-0: Fly out, F6 (Line Drive, 6, EV 71.2 MPH)
|
|
Batting: RHB John Tyra
|
0-0: Swinging Strike 0-1: Ball 1-1: Ball 2-1: Ball 3-1: Called Strike 3-2: Foul Ball, location: 2F 3-2: Foul Ball, location: 2F 3-2: Base on Balls John Whitman to second
|
|
Batting: RHB Bob Schweiger
|
0-0: Swinging Strike 0-1: Fly out, F8 (Flyball, 8LD, EV 88.8 MPH)
|
| Top of the 7th over - 0 runs, 1 hit, 0 errors, 2 left on base; Salem-Keizer 7 - Williamsport 0 |
| BOTTOM OF THE 7TH |
|
Williamsport Crosscutters batting - Pitching for Salem-Keizer Volcanoes : RHP Tong Huang
|
|
Batting: RHB Josh Baker
|
0-0: Fly out, F3 (Line Drive, 34D, EV 67.5 MPH)
|
|
Batting: RHB Dave Gallegos
|
0-0: Ball 1-0: Ground out 6-3 (Groundball, 6, EV 91.9 MPH)
|
|
Batting: RHB Bryan Alfaro
|
0-0: Ball 1-0: Foul Ball, location: 2F 1-1: SINGLE (Line Drive, 6D, EV 95.0 MPH)
|
|
Pitching: RHP Nick McDade
|
|
|
Batting: RHB Juan Valadez
|
0-0: Ground out 4-3 (Groundball, 4, EV 86.2 MPH)
|
| Bottom of the 7th over - 0 runs, 1 hit, 0 errors, 1 left on base; Salem-Keizer 7 - Williamsport 0 |
| TOP OF THE 8TH |
|
Salem-Keizer Volcanoes batting - Pitching for Williamsport Crosscutters : RHP Matt Gray
|
|
Pinch Hitting: RHB Devin Lowery
|
0-0: Ball 1-0: Foul Ball, location: 2F 1-1: Ball 2-1: Foul Ball, location: 2F 2-2: Strikes out swinging
|
|
Batting: RHB Jonathan Reece
|
0-0: Ball 1-0: Foul Ball, location: 2F 1-1: Ball 2-1: Foul Ball, location: 2F 2-2: Foul Ball, location: 2F 2-2: Ball 3-2: TRIPLE (Line Drive, 78XD, EV 98.8 MPH)
|
|
Batting: LHB Gil Caraveo
|
0-0: Ball 1-0: Called Strike 1-1: Reached on error, E4 (Groundball, 4, EV 78.1 MPH) Jonathan Reece scores
|
|
Batting: RHB Ian Richardson
|
0-0: Called Strike 0-1: Ball 1-1: Swinging Strike 1-2: Foul Ball, location: 2F 1-2: Foul Ball, location: 2F 1-2: Ball 2-2: Foul Ball, location: 2F 2-2: Foul Ball, location: 2F 2-2: Ball 3-2: Foul Ball, location: 2F 3-2: Strikes out swinging
|
|
Batting: RHB Jason Gregor
|
0-0: Called Strike 0-1: Swinging Strike 0-2: Strikes out swinging
|
| Top of the 8th over - 1 run, 1 hit, 1 error, 1 left on base; Salem-Keizer 8 - Williamsport 0 |
| BOTTOM OF THE 8TH |
|
Williamsport Crosscutters batting - Pitching for Salem-Keizer Volcanoes : RHP Nick McDade
|
|
Now at 2B: Matt Shepard
|
|
|
Now at 3B: John Tyra
|
|
|
Now at SS: Devin Lowery
|
|
|
Batting: SHB Steve DeRienzo
|
0-0: Ball 1-0: Ground out U3 (Groundball, 3, EV 85.0 MPH)
|
|
Batting: LHB Jonathan Roman
|
0-0: Called Strike 0-1: Called Strike 0-2: SINGLE (Groundball, 34D, EV 98.8 MPH) (infield hit)
|
|
Batting: RHB Marcus Carter
|
0-0: Called Strike 0-1: Swinging Strike 0-2: Foul Ball, location: 2F 0-2: Ball 1-2: Ball 2-2: Ball 3-2: Foul Ball, location: 2F 3-2: Fielders Choice at 2nd, 4-6 (Groundball, 4, EV 93.1 MPH)
|
|
Batting: RHB Tony Perez
|
0-0: Ball 1-0: Ball 2-0: Called Strike 2-1: Foul Ball, location: 2F 2-2: Ball 3-2: Base on Balls Marcus Carter to second
|
|
Batting: LHB Eric Farren
|
0-0: Called Strike 0-1: Ball 1-1: Foul Ball, location: 2F 1-2: Ball 2-2: Ball 3-2: SINGLE (Groundball, 56S, EV 66.2 MPH) (infield hit) Marcus Carter to third Tony Perez to second
|
|
Batting: RHB Josh Baker
|
0-0: Ball 1-0: Ball 2-0: Ball 3-0: Called Strike 3-1: Foul Ball, location: 2F 3-2: Ground out 5-3 (Groundball, 56S, EV 65.6 MPH)
|
| Bottom of the 8th over - 0 runs, 2 hits, 0 errors, 3 left on base; Salem-Keizer 8 - Williamsport 0 |
| TOP OF THE 9TH |
|
Salem-Keizer Volcanoes batting - Pitching for Williamsport Crosscutters : RHP Matt Gray
|
|
Batting: LHB John Whitman
|
0-0: Ball 1-0: Ball 2-0: Ball 3-0: Called Strike 3-1: Base on Balls
|
|
Pitching: RHP Stewart Wilson
|
|
|
Batting: RHB Matt Shepard
|
0-0: Foul Ball, location: 2F 0-1: Reached on error, E8 (Flyball, 8RD, EV 102.5 MPH) John Whitman to second
|
|
Batting: RHB John Tyra
|
0-0: Ball 1-0: Fielders Choice at 2nd, 3-6 (Groundball, 34S, EV 81.2 MPH) John Whitman to third
|
|
Batting: RHB Bob Schweiger
|
0-0: Ball 1-0: Swinging Strike 1-1: Ball 2-1: Ball 3-1: Called Strike 3-2: Base on Balls John Tyra to second
|
|
Batting: RHB Devin Lowery
|
0-0: Ball 1-0: Called Strike 1-1: Swinging Strike 1-2: Strikes out looking
|
|
Batting: RHB Jonathan Reece
|
0-0: Ball 1-0: Swinging Strike 1-1: Ball 2-1: Ball 3-1: Base on Balls John Whitman scores John Tyra to third Bob Schweiger to second
|
|
Batting: LHB Gil Caraveo
|
0-0: Called Strike 0-1: Ball 1-1: Foul Ball, location: 2F 1-2: Ball 2-2: Ground out 4-3 (Groundball, 4S, EV 68.1 MPH)
|
| Top of the 9th over - 1 run, 0 hits, 1 error, 3 left on base; Salem-Keizer 9 - Williamsport 0 |
| BOTTOM OF THE 9TH |
|
Williamsport Crosscutters batting - Pitching for Salem-Keizer Volcanoes : RHP Nick McDade
|
|
Batting: RHB Dave Gallegos
|
0-0: Ball 1-0: Ball 2-0: Ball 3-0: Base on Balls
|
|
Pitching: RHP Jay Kouns
|
|
|
Batting: RHB Bryan Alfaro
|
0-0: Foul Ball, location: 2F 0-1: Ball 1-1: Ball 2-1: Foul Ball, location: 2F 2-2: Strikes out swinging
|
|
Batting: RHB Juan Valadez
|
0-0: Ball 1-0: Foul Ball, location: 2F 1-1: Ball 2-1: Ball 3-1: SINGLE (Groundball, 56D, EV 108.8 MPH) Dave Gallegos to second
|
|
Batting: SHB Steve DeRienzo
|
0-0: Called Strike 0-1: Ball 1-1: Swinging Strike 1-2: Foul Ball, location: 2F 1-2: Ball 2-2: Fly out, F8 (Flyball, 8LD, EV 90.0 MPH)
|
|
Batting: LHB Jonathan Roman
|
0-0: Ball 1-0: SINGLE (Groundball, 4MD, EV 104.4 MPH) Dave Gallegos to third Juan Valadez to second
|
|
Batting: RHB Marcus Carter
|
0-0: Called Strike 0-1: Called Strike 0-2: Ball 1-2: Ball 2-2: Strikes out swinging
|
| Bottom of the 9th over - 0 runs, 2 hits, 0 errors, 3 left on base; Salem-Keizer 9 - Williamsport 0 |
|